TOP OF THE 1ST |
New York Mets batting - Pitching for Philadelphia Phillies : RHP Scott Bernstein
|
Pitching: RHP Scott Bernstein
|
|
Batting: SHB Nelle van den Berg
|
0-0: Ball 1-0: Foul Ball, location: 2F 1-1: Foul Ball, location: 2F 1-2: Foul Ball, location: 2F 1-2: Fly out, F7 (Flyball, 7S, EV 89.4 MPH)
|
Batting: LHB Kevin Bellman
|
0-0: Swinging Strike 0-1: Ball 1-1: DOUBLE (Flyball, 9LD, EV 98.8 MPH)
|
Batting: SHB Sean Cook
|
0-0: Foul Ball, location: 2F 0-1: Foul Ball, location: 2F 0-2: Ball 1-2: Ball 2-2: Foul Ball, location: 2F 2-2: Ball 3-2: Ground out 2-3 (Groundball, 15S, EV 70.0 MPH) Kevin Bellman to third
|
Batting: SHB Harry Hoop
|
0-0: Ball 1-0: Called Strike 1-1: Ball 2-1: Swinging Strike 2-2: Foul Ball, location: 2F 2-2: Fly out, F7 (Flyball, 78M, EV 90.0 MPH)
|
Top of the 1st over - 0 runs, 1 hit, 0 errors, 1 left on base; New York 0 - Philadelphia 0 |
BOTTOM OF THE 1ST |
Philadelphia Phillies batting - Pitching for New York Mets : RHP Matt McAtee
|
Pitching: RHP Matt McAtee
|
|
Batting: SHB Lance Franklin
|
0-0: Ball 1-0: Ball 2-0: Fly out, F7 (Flyball, 7D, EV 102.5 MPH)
|
Batting: RHB Josh Hensley
|
0-0: Ball 1-0: Ball 2-0: Ball 3-0: Called Strike 3-1: Foul Ball, location: 2F 3-2: SINGLE (Groundball, 4MD, EV 103.1 MPH)
|
Batting: LHB Jeff Luvisi
|
0-0: Called Strike 0-1: Swinging Strike 0-2: Ball 1-2: Ball 2-2: Strikes out looking
|
Batting: RHB Chef Belew
|
0-0: Ball 1-0: Foul Ball, location: 2F 1-1: Ball 2-1: Fielders Choice at 2nd, 5-4 (Groundball, 56, EV 86.2 MPH)
|
Bottom of the 1st over - 0 runs, 1 hit, 0 errors, 1 left on base; New York 0 - Philadelphia 0 |
TOP OF THE 2ND |
New York Mets batting - Pitching for Philadelphia Phillies : RHP Scott Bernstein
|
Batting: SHB Gus Berry
|
0-0: Ground out 6-3 (Groundball, 4D, EV 100.0 MPH)
|
Batting: RHB Jeff Jank
|
0-0: Ball 1-0: Ground out 4-3 (Groundball, 4, EV 86.2 MPH)
|
Batting: SHB Jonathan Jenkins
|
0-0: Foul Ball, location: 2F 0-1: Foul Ball, location: 2F 0-2: Strikes out swinging
|
Top of the 2nd over - 0 runs, 0 hits, 0 errors, 0 left on base; New York 0 - Philadelphia 0 |
BOTTOM OF THE 2ND |
Philadelphia Phillies batting - Pitching for New York Mets : RHP Matt McAtee
|
Batting: LHB Eric Katz
|
0-0: Ball 1-0: Ball 2-0: Ball 3-0: Called Strike 3-1: Base on Balls
|
Batting: RHB Quintin Parker
|
0-0: Called Strike 0-1: Foul Ball, location: 2F 0-2: Ball 1-2: 2-RUN HOME RUN (Flyball, 9D, EV 101.9 MPH), Distance : 385 ft
|
Batting: LHB Jim Beaver
|
0-0: Called Strike 0-1: Ball 1-1: Ball 2-1: DOUBLE (Flyball, 78XD, EV 111.2 MPH)
|
Batting: LHB Ryan Trombley
|
0-0: DOUBLE (Line Drive, 9LM, EV 108.8 MPH) Jim Beaver scores
|
Batting: LHB Nick Canizales
|
0-0: Called Strike 0-1: Ball 1-1: Ground out U3 (Groundball, 3L, EV 81.9 MPH) Ryan Trombley to third
|
Batting: SHB Lance Franklin
|
0-0: Ball 1-0: Fly out, F7 (Flyball, 7LM, EV 95.6 MPH) Runner from 3rd tags up, SCORES, throw by LF
|
Batting: RHB Josh Hensley
|
0-0: Called Strike 0-1: Foul Ball, location: 2F 0-2: Strikes out looking
|
Bottom of the 2nd over - 4 runs, 3 hits, 0 errors, 0 left on base; New York 0 - Philadelphia 4 |
TOP OF THE 3RD |
New York Mets batting - Pitching for Philadelphia Phillies : RHP Scott Bernstein
|
Batting: RHB Jesus Chavez
|
0-0: Ball 1-0: SINGLE (Line Drive, 34, EV 98.1 MPH)
|
Batting: SHB Javy Rosa
|
0-0: Called Strike 0-1: Ball 1-1: Foul Ball, location: 2F 1-2: Ball Wild Pitch! Jesus Chavez to second 2-2: Ball 3-2: Base on Balls
|
Batting: SHB Nelle van den Berg
|
0-0: Called Strike 0-1: Foul Ball, location: 2F 0-2: Foul Ball, location: 2F 0-2: Ball 1-2: Strikes out swinging
|
Batting: LHB Kevin Bellman
|
0-0: Ball 1-0: Ball 2-0: Called Strike 2-1: Grounds into double play, 4-6-3 (Groundball, 4M, EV 103.8 MPH)
|
Top of the 3rd over - 0 runs, 1 hit, 0 errors, 1 left on base; New York 0 - Philadelphia 4 |
BOTTOM OF THE 3RD |
Philadelphia Phillies batting - Pitching for New York Mets : RHP Matt McAtee
|
Batting: LHB Jeff Luvisi
|
0-0: Ball 1-0: Ball 2-0: Called Strike 2-1: Swinging Strike 2-2: Ball 3-2: Strikes out swinging
|
Batting: RHB Chef Belew
|
0-0: SINGLE (Line Drive, 6MD, EV 96.2 MPH)
|
Batting: LHB Eric Katz
|
0-0: Ball 1-0: Swinging Strike 1-1: Ball 2-1: 2-RUN HOME RUN (Flyball, 89XD, EV 103.1 MPH), Distance : 407 ft
|
Batting: RHB Quintin Parker
|
0-0: Ball 1-0: Ball 2-0: Ball 3-0: Base on Balls
|
Pitching: RHP Victor Morin
|
|
Batting: LHB Jim Beaver
|
0-0: Fly out, F9 (Line Drive, 9, EV 108.1 MPH)
|
Batting: LHB Ryan Trombley
|
0-0: Called Strike 0-1: Ground out 1-3 (Groundball, 13S, EV 67.5 MPH)
|
Bottom of the 3rd over - 2 runs, 2 hits, 0 errors, 1 left on base; New York 0 - Philadelphia 6 |
TOP OF THE 4TH |
New York Mets batting - Pitching for Philadelphia Phillies : RHP Scott Bernstein
|
Batting: SHB Sean Cook
|
0-0: Called Strike 0-1: Foul Ball, location: 2F 0-2: Strikes out looking
|
Batting: SHB Harry Hoop
|
0-0: Ball 1-0: Foul Ball, location: 2F 1-1: Foul Ball, location: 2F 1-2: Ball 2-2: Strikes out swinging
|
Batting: SHB Gus Berry
|
0-0: Called Strike 0-1: Ball 1-1: Ball 2-1: Swinging Strike 2-2: TRIPLE (Flyball, 9LD, EV 111.9 MPH)
|
Batting: RHB Jeff Jank
|
0-0: Called Strike 0-1: Called Strike 0-2: Ball 1-2: Strikes out swinging
|
Top of the 4th over - 0 runs, 1 hit, 0 errors, 1 left on base; New York 0 - Philadelphia 6 |
BOTTOM OF THE 4TH |
Philadelphia Phillies batting - Pitching for New York Mets : RHP Victor Morin
|
Batting: LHB Nick Canizales
|
0-0: Ball 1-0: Swinging Strike 1-1: DOUBLE (Flyball, 78D, EV 95.0 MPH)
|
Batting: SHB Lance Franklin
|
0-0: Called Strike 0-1: Called Strike 0-2: Ball 1-2: DOUBLE (Flyball, 8LXD, EV 96.2 MPH) Nick Canizales scores
|
Batting: RHB Josh Hensley
|
0-0: Ball 1-0: Called Strike 1-1: Foul Ball, location: 2F 1-2: Ball 2-2: Strikes out looking
|
Batting: LHB Jeff Luvisi
|
0-0: Foul Ball, location: 2F 0-1: Ball 1-1: Called Strike 1-2: Fly out, F9 (Flyball, 9, EV 91.2 MPH) Runner from 2nd tags up, SAFE at 3rd with throw by RF
|
Batting: RHB Chef Belew
|
0-0: Called Strike 0-1: Foul Ball, location: 2F 0-2: Strikes out swinging
|
Bottom of the 4th over - 1 run, 2 hits, 0 errors, 1 left on base; New York 0 - Philadelphia 7 |
TOP OF THE 5TH |
New York Mets batting - Pitching for Philadelphia Phillies : RHP Scott Bernstein
|
Batting: SHB Jonathan Jenkins
|
0-0: Ball 1-0: Foul Ball, location: 2F 1-1: Foul Ball, location: 2F 1-2: Foul Ball, location: 2F 1-2: Strikes out swinging
|
Batting: RHB Jesus Chavez
|
0-0: Ball 1-0: Ground out 6-3 (Groundball, 56, EV 87.5 MPH)
|
Batting: SHB Javy Rosa
|
0-0: Swinging Strike 0-1: Foul Ball, location: 2F 0-2: Foul Ball, location: 2F 0-2: Ball 1-2: Ball 2-2: Ground out 1-3 (Groundball, 13S, EV 68.1 MPH)
|
Top of the 5th over - 0 runs, 0 hits, 0 errors, 0 left on base; New York 0 - Philadelphia 7 |
BOTTOM OF THE 5TH |
Philadelphia Phillies batting - Pitching for New York Mets : RHP Victor Morin
|
Batting: LHB Eric Katz
|
0-0: Ball 1-0: Foul Ball, location: 2F 1-1: Ball 2-1: Foul Ball, location: 2F 2-2: Ball 3-2: Foul Ball, location: 2F 3-2: Foul Ball, location: 2F 3-2: Base on Balls
|
Batting: RHB Quintin Parker
|
0-0: Called Strike 0-1: Ball 1-1: Foul Ball, location: 2F 1-2: Fly out, F7 (Flyball, 7S, EV 88.8 MPH)
|
Batting: LHB Jim Beaver
|
0-0: Ball 1-0: Ball 2-0: Ball Eric Katz is caught stealing 2nd base 2-6 3-0: Called Strike 3-1: Base on Balls
|
Batting: LHB Ryan Trombley
|
0-0: Ball 1-0: Ball 2-0: Foul Ball, location: 2F 2-1: Swinging Strike 2-2: Strikes out looking
|
Bottom of the 5th over - 0 runs, 0 hits, 0 errors, 1 left on base; New York 0 - Philadelphia 7 |
TOP OF THE 6TH |
New York Mets batting - Pitching for Philadelphia Phillies : RHP Scott Bernstein
|
Batting: SHB Nelle van den Berg
|
0-0: Ball 1-0: Ball 2-0: Swinging Strike 2-1: Foul Ball, location: 2F 2-2: Ball 3-2: SINGLE (Groundball, 34S, EV 72.5 MPH) (infield hit)
|
Batting: LHB Kevin Bellman
|
0-0: Foul Ball, location: 2F 0-1: Swinging Strike 0-2: Ball 1-2: SINGLE (Line Drive, 9S, EV 90.6 MPH) Nelle van den Berg to second Runner from 2nd tries for 3rd, SAFE, throw by RF made to third
|
Batting: SHB Sean Cook
|
0-0: Called Strike 0-1: Fielders Choice at 2nd, 6-4 (Groundball, 6, EV 96.2 MPH) Nelle van den Berg scores
|
Batting: SHB Harry Hoop
|
0-0: Ball 1-0: Called Strike 1-1: Ball 2-1: Grounds into double play, 6-4-3 (Groundball, 6, EV 83.1 MPH)
|
Top of the 6th over - 1 run, 2 hits, 0 errors, 0 left on base; New York 1 - Philadelphia 7 |
BOTTOM OF THE 6TH |
Philadelphia Phillies batting - Pitching for New York Mets : RHP Victor Morin
|
Batting: LHB Nick Canizales
|
0-0: Ball 1-0: Ground out 3-1 (Groundball, 34S, EV 76.9 MPH)
|
Batting: SHB Lance Franklin
|
0-0: Called Strike 0-1: Foul Ball, location: 2F 0-2: Fly out, F7 (Flyball, 7S, EV 87.5 MPH)
|
Batting: RHB Josh Hensley
|
0-0: Ball 1-0: DOUBLE (Flyball, 89XD, EV 107.5 MPH)
|
Batting: LHB Jeff Luvisi
|
0-0: Ball 1-0: Ball 2-0: Ball 3-0: Called Strike 3-1: Swinging Strike 3-2: Base on Balls
|
Batting: RHB Chef Belew
|
0-0: Ball 1-0: Called Strike 1-1: Ball 2-1: Ball 3-1: Base on Balls Josh Hensley to third Jeff Luvisi to second
|
Batting: LHB Eric Katz
|
0-0: Called Strike 0-1: SINGLE (Groundball, 56D, EV 93.8 MPH) Josh Hensley scores Jeff Luvisi to third Chef Belew to second Runner from 3rd tries for Home, SAFE, throw by LF to home
|
Pitching: LHP Jonathan Gendron
|
|
Batting: RHB Quintin Parker
|
0-0: Called Strike 0-1: Foul Ball, location: 2F 0-2: Strikes out looking
|
Bottom of the 6th over - 2 runs, 2 hits, 0 errors, 2 left on base; New York 1 - Philadelphia 9 |
TOP OF THE 7TH |
New York Mets batting - Pitching for Philadelphia Phillies : RHP Scott Bernstein
|
Batting: SHB Gus Berry
|
0-0: Ball 1-0: Fly out, F8 (Flyball, 8LM, EV 80.6 MPH)
|
Batting: RHB Jeff Jank
|
0-0: Ground out 5-3 (Groundball, 5, EV 90.0 MPH)
|
Batting: SHB Jonathan Jenkins
|
0-0: Swinging Strike 0-1: Ball 1-1: Called Strike 1-2: Strikes out swinging
|
Top of the 7th over - 0 runs, 0 hits, 0 errors, 0 left on base; New York 1 - Philadelphia 9 |
BOTTOM OF THE 7TH |
Philadelphia Phillies batting - Pitching for New York Mets : LHP Jonathan Gendron
|
Batting: LHB Jim Beaver
|
0-0: Called Strike 0-1: Ball 1-1: Fly out, F8 (Flyball, 8RM, EV 93.1 MPH)
|
Pinch Hitting: RHB Moritake Fukumoto
|
0-0: Ball 1-0: Called Strike 1-1: Fly out, F7 (Line Drive, 7D, EV 96.2 MPH)
|
Batting: LHB Nick Canizales
|
0-0: Called Strike 0-1: Swinging Strike 0-2: Ball 1-2: Strikes out looking
|
Bottom of the 7th over - 0 runs, 0 hits, 0 errors, 0 left on base; New York 1 - Philadelphia 9 |
TOP OF THE 8TH |
New York Mets batting - Pitching for Philadelphia Phillies : RHP Scott Bernstein
|
Now in LF: Moritake Fukumoto
|
|
Now in CF: Eric Katz
|
|
Batting: RHB Jesus Chavez
|
0-0: Ball 1-0: Ground out 6-3 (Groundball, 56, EV 82.5 MPH)
|
Batting: SHB Javy Rosa
|
0-0: Called Strike 0-1: Ball 1-1: Ball 2-1: Ball 3-1: Called Strike 3-2: Base on Balls
|
Pitching: RHP Josh Cornishen
|
|
Batting: SHB Nelle van den Berg
|
0-0: Ball Wild Pitch! Javy Rosa to second 1-0: Swinging Strike 1-1: Ball 2-1: Called Strike 2-2: Strikes out swinging
|
Batting: LHB Kevin Bellman
|
0-0: Called Strike 0-1: Ball 1-1: Called Strike 1-2: Ball 2-2: Ground out 6-3 (Groundball, 6M, EV 84.4 MPH)
|
Top of the 8th over - 0 runs, 0 hits, 0 errors, 1 left on base; New York 1 - Philadelphia 9 |
BOTTOM OF THE 8TH |
Philadelphia Phillies batting - Pitching for New York Mets : LHP Jonathan Gendron
|
Pinch Hitting: SHB Billy Encinias
|
0-0: Called Strike 0-1: Swinging Strike 0-2: Strikes out swinging
|
Batting: RHB Josh Hensley
|
0-0: Ball 1-0: Ball 2-0: Ball 3-0: Called Strike 3-1: Foul Ball, location: 2F 3-2: Fly out, F7 (Flyball, 7, EV 89.4 MPH)
|
Batting: LHB Jeff Luvisi
|
0-0: Called Strike 0-1: Ground out 5-3 (Groundball, 56S, EV 81.2 MPH)
|
Bottom of the 8th over - 0 runs, 0 hits, 0 errors, 0 left on base; New York 1 - Philadelphia 9 |
TOP OF THE 9TH |
New York Mets batting - Pitching for Philadelphia Phillies : RHP Josh Cornishen
|
Now at 2B: Billy Encinias
|
|
Now at SS: Jim Beaver
|
|
Batting: SHB Sean Cook
|
0-0: Called Strike 0-1: Ball 1-1: Foul Ball, location: 2F 1-2: Strikes out looking
|
Batting: SHB Harry Hoop
|
0-0: Ball 1-0: Called Strike 1-1: Ball 2-1: Ball 3-1: SINGLE (Line Drive, 34D, EV 95.0 MPH)
|
Batting: SHB Gus Berry
|
0-0: Ball 1-0: Called Strike 1-1: Swinging Strike 1-2: Ball 2-2: Strikes out looking
|
Batting: RHB Jeff Jank
|
0-0: Foul Ball, location: 2F 0-1: Foul Ball, location: 2F 0-2: Foul Ball, location: 2F 0-2: Foul Ball, location: 2F 0-2: Ball 1-2: Foul Ball, location: 2F 1-2: 2-RUN HOME RUN (Flyball, 9LD, EV 96.2 MPH), Distance : 342 ft
|
Batting: SHB Jonathan Jenkins
|
0-0: Called Strike 0-1: Called Strike 0-2: Foul Ball, location: 2F 0-2: Ball 1-2: Ball 2-2: Foul Ball, location: 2F 2-2: Foul Ball, location: 2F 2-2: Foul Ball, location: 2F 2-2: DOUBLE (Groundball, 3L, EV 110.0 MPH)
|
Batting: RHB Jesus Chavez
|
0-0: Ball 1-0: Foul Ball, location: 2F 1-1: Ground out 5-3 (Groundball, 5S, EV 70.0 MPH)
|
Top of the 9th over - 2 runs, 3 hits, 0 errors, 1 left on base; New York 3 - Philadelphia 9 |
|